AoeStats
← [KMNB] Bandeira

Lombardia

508251697Analyzed
3v3 RM · 12d ago on Sep 21, 2026· 41m 34s· 6 players
Game mode
Random Map
Map size
Normal (6 player)
Population
200
Speed
Normal
Resources
Standard
Victory
Conquest
Starting age
Dark Age
Ending age
Imperial Age
RankedLock teamsTeams togetherTeam positionsShared explorationLock speedFull tech treeHidden civsTurbo modeCheats
Victory
Defeat
🇧🇷 Saracens · Brazil
1486
+13
🇧🇷 Magyars · Brazil
1478
+14
🇧🇷 Mongols · Brazil
1409
+17
🇭🇰 Franks · Hong Kong SAR China
1476
-16
🇨🇴 Goths · Colombia
1403
-14
🇦🇷 Berbers · Argentina
1400
-14
[KMNB] Galodoido
5:17 Loom
9:10 Feudal Age
13:09 Fletching
15:27 Double-Bit Axe
16:29 Padded Archer Armor
22:11 Castle Age
20:25 Horse Collar
20:40 Gold Mining
22:13 Crossbowman
22:48 Bodkin Arrow
25:07 Ballistics
25:07 Leather Archer Armor
31:22 Bow Saw
31:13 Heavy Plow
32:11 Wheelbarrow
31:54 Stone Mining
38:14 Imperial Age
37:56 Hand Cart
38:59 Gold Shaft Mining
38:11 Town Watch
38:17 Arbalester
38:58 Bracer
39:29 Ring Archer Armor
40:00 Chemistry
40:34 Two-Man Saw
40:40 Conscription
40:04 Treadmill Crane
40:35 Masonry
41:44 Thumb Ring
[KMNB] Bandeira
6:52 Loom
9:39 Feudal Age
10:20 Double-Bit Axe
18:26 Wheelbarrow
18:37 Horse Collar
21:07 Castle Age
19:33 Gold Mining
20:58 Scale Barding Armor
21:09 Bloodlines
23:13 Husbandry
24:24 Chain Barding Armor
25:20 Bow Saw
25:19 Heavy Plow
32:05 Stone Mining
35:54 Imperial Age
35:57 Hand Cart
36:05 Cavalier
37:46 Paladin
40:08 Plate Barding Armor
[KMNB] Dedão
6:08 Loom
8:57 Feudal Age
10:24 Double-Bit Axe
14:39 Fletching
14:51 Horse Collar
17:31 Wheelbarrow
22:20 Castle Age
21:26 Padded Archer Armor
22:21 Bloodlines
22:31 Gold Mining
22:23 Crossbowman
23:03 Bodkin Arrow
23:31 Bow Saw
24:48 Leather Archer Armor
25:18 Ballistics
26:29 Thumb Ring
31:02 Stone Mining
32:23 Town Watch
32:54 Hand Cart
33:49 Heavy Plow
36:51 Imperial Age
35:09 Husbandry
35:38 Light Cavalry
36:32 Scale Barding Armor
37:50 Bracer
37:14 Elite Mangudai
38:15 Conscription
39:44 Chemistry
39:22 Forging
39:34 Chain Barding Armor
39:45 Town Patrol
40:52 Iron Casting
41:26 Hussar
[MLTS] RKotzen
10:14 Feudal Age
11:41 Loom
12:01 Double-Bit Axe
13:15 Town Watch
14:24 Fletching
16:02 Padded Archer Armor
23:34 Castle Age
21:54 Horse Collar
25:00 Bow Saw
24:51 Heavy Plow
24:53 Town Patrol
25:29 Wheelbarrow
26:40 Fervor
26:29 Crossbowman
27:44 Gold Mining
29:05 Ballistics
29:04 Bodkin Arrow
30:53 Leather Archer Armor
34:48 Wheelbarrow
38:45 Imperial Age
36:53 Coinage
37:26 Anarchy
37:37 Squires
37:38 Scale Mail Armor
37:48 Forging
37:52 Pikeman
39:00 Halberdier
JessePinkman
9:23 Loom
11:49 Feudal Age
15:42 Castle Age
15:06 Double-Bit Axe
17:56 Bow Saw
18:04 Fletching
22:26 Bodkin Arrow
23:51 Padded Archer Armor
25:03 Ballistics
24:57 Husbandry
26:56 Bloodlines
30:16 Leather Archer Armor
31:46 Thumb Ring
32:49 Wheelbarrow
39:08 Imperial Age
36:43 Gold Mining
39:12 Elite Genitour
40:02 Bracer
40:37 Ring Archer Armor
大庆Song
3:00 Loom
11:39 Feudal Age
12:43 Double-Bit Axe
15:10 Scale Barding Armor
22:26 Wheelbarrow
23:04 Forging
27:28 Castle Age
25:44 Gold Mining
29:10 Fletching
31:39 Town Watch
32:08 Bow Saw
42:29 Imperial Age
40:13 Husbandry
40:43 Hand Cart
40:55 Caravan
Connection lost

Rejoining the realm…

Still unreachable

The connection could not be restored.

Session expired

The server has moved on; the page needs a fresh start.